 Dungeon Crawl Stone Soup version 0.20.1-1-g8b1a95d (webtiles) character file.

3414 Kingsmith the Nimble (level 9, -1/59 HPs)
             Began as a Deep Elf Conjurer on Dec 7, 2017.
             Was an Initiate of Vehumet.
             Slain by a two-headed ogre
             ... wielding a +0 giant club
              (22 damage)
             ... on level 8 of the Dungeon.
             The game lasted 00:32:07 (9897 turns).

Kingsmith the Nimble (Deep Elf Conjurer)            Turns: 9897, Time: 00:32:08

Health: -1/59      AC:  6    Str:  9    XL:     9   Next: 76%
Magic:  2/21       EV: 17    Int: 22    God:    Vehumet [......]
Gold:   255        SH:  3    Dex: 15    Spells: 5/22 levels left

rFire    . . .     SeeInvis .   p - +2 war axe of Qaneyng {chop, rN+ Str+2} (curse)
rCold    . . .     Gourm    +   h - +0 buckler
rNeg     + + .     Faith    .   a - +0 robe
rPois    .         Spirit   .   e - +1 helmet
rElec    .         Reflect  .   (no cloak)
rCorr    .         Harm     .   t - +0 pair of gloves
MR       .....                  A - +0 pair of boots
Stlth    ++........             r - amulet of the gourmand
Regen    0.2/turn               i - ring of wizardry
MPRegen  0.2/turn               z - ring of positive energy

@: no status effects
A: no striking features
a: Renounce Religion


You were on level 8 of the Dungeon.
You worshipped Vehumet.
Vehumet was noncommittal.
You were not hungry.

You visited 2 branches of the dungeon, and saw 9 of its levels.

You collected 435 gold pieces.
You spent 180 gold pieces at shops.

Inventory:

Hand Weapons
 p - the cursed +2 war axe of Qaneyng (weapon) {chop, rN+ Str+2}
   (You found it on level 5 of the Dungeon)

   It inflicts extra damage upon your enemies.
   It affects your strength (+2).
   It protects you from negative energy.
   It has a curse placed upon it.
 H - a +2 whip of flaming
 I - a +0 spear of freezing
Armour
 a - a +0 robe (worn)
 e - a +1 helmet (worn)
 h - a +0 buckler (worn)
 t - a +0 pair of gloves (worn)
 A - a +0 pair of boots (worn)
Jewellery
 i - a ring of wizardry (left hand)
 r - an amulet of the gourmand (around neck)
 w - a +3 ring of dexterity
 y - an uncursed ring of see invisible
 z - a ring of positive energy (right hand)
 E - an uncursed ring of protection from magic
 L - an uncursed ring of poison resistance
Wands
 C - a wand of lightning (11/15)
 J - a wand of lightning (7/15)
Scrolls
 d - 2 scrolls of teleportation
 g - a scroll of remove curse
 o - 2 scrolls of enchant weapon
 u - a scroll of amnesia
 B - a scroll of fog
 G - a scroll of brand weapon {unknown}
Potions
 k - 2 potions of curing
 n - a potion of lignification
 q - a potion of heal wounds
 s - a potion of resistance
 v - 2 potions of invisibility
 x - 2 potions of brilliance
 D - a potion of ambrosia
 F - a potion of haste
Books
 b - a book of Conjurations

   Spells                             Type                      Level
   a - Magic Dart                     Conjuration                  1
   b - Searing Ray                    Conjuration                  2
   c - Dazzling Spray                 Conjuration/Hexes            3
   d - Fulminant Prism                Conjuration/Hexes            4
   e - Force Lance                    Conjuration/Translocation    4
   f - Iskenderun's Mystic Blast      Conjuration                  4
Comestibles
 c - 5 bread rations
 f - 2 meat rations
 j - 2 royal jellies
 m - 14 fruits
 K - a chunk of flesh


   Skills:
 + Level 7.8 Fighting
 - Level 8.1 Dodging
 - Level 2.4 Stealth
 - Level 7.1 Spellcasting
 - Level 6.0 Conjurations
 - Level 4.0 Hexes
 - Level 4.0 Translocations


You had 5 spell levels left.
You knew the following spells:

 Your Spells              Type           Power        Failure   Level  Hunger
a - Magic Dart            Conj           ####         1%          1    None
b - Searing Ray           Conj           ####..       1%          2    None
c - Dazzling Spray        Conj/Hex       ####..       1%          3    None
d - Force Lance           Conj/Tloc      ####....     7%          4    ###....
e - Confuse               Hex            ####....     3%          3    None
f - Iskenderun's Mystic   Conj           ####....     4%          4    ###....


Dungeon Overview and Level Annotations

Branches:
Dungeon (8/15)             Temple (1/1) D:7
   Lair: D:8-11

Altars:
Ashenzari
Cheibriados
Dithmenos
Elyvilon
Fedhas
Gozag
Hepliaklqana
Kikubaaqudgha
Makhleb
Nemelex Xobeh
Okawaru
Qazlal
Ru
Sif Muna
Trog
Uskayaw
Vehumet
Xom
Yredelemnul
Zin
The Shining One

Shops:
D:4 =   D:5 =!![   D:7 !

Annotations:
D:4 Gourmand 360gp, Ring of Fire 300gp, Flight 210gp
D:5 Robe of the ArchMagi 527gp, Amulet of MRegen 390gp, rF+ Ring 325gp
D:7 1 runed door


Message History

You finish channeling your searing ray.
The two-headed ogre misses you. The two-headed ogre barely misses you.
Casting: Searing Ray
Confirm with . or Enter, or press ? or * to list all spells.
Aiming: Searing Ray
Press: ? - help, Shift-Dir - straight line, f/p - two-headed ogre
Aim: a two-headed ogre, wielding two giant clubs (moderately wounded)
The searing ray hits the two-headed ogre.
The two-headed ogre is heavily wounded. (Press . to maintain the ray.)
The searing ray hits the two-headed ogre.
The two-headed ogre is heavily wounded.
The two-headed ogre misses you. x2
The searing ray hits the two-headed ogre.
The two-headed ogre is severely wounded.
The two-headed ogre barely misses you. x2
Your magical contamination has completely faded away.
The two-headed ogre hits you with a giant club!
The two-headed ogre hits you with a giant club!!
You die...

##................#
#................#
#................#
#..†....).....#.##
#............##.#
#...........###.#
##.........## #.##
#........## ##..##
#......### ##.@..##
########
##...O..###
#.........#
#.........##
##.........##
#..........#
#............##
..##..........# .##
##.........########


You could see a two-headed ogre.

Vanquished Creatures
  Pikel (D:8)
  Joseph (D:7)
  The ghost of Kingsmith the Grasshopper, a novice DECj of Vehumet (D:6)
  Menkaure (D:6)
  A black bear (D:5)
  An orc warrior (D:6)
  2 sky beasts
  An eye of draining (D:6)
  A centaur (D:6)
  2 ogres
  4 bullfrogs
  A gnoll sergeant (D:7)
  4 scorpions
  A wight (D:8)
  2 howler monkeys (D:5)
  A crimson imp (D:4)
  A centaur zombie (D:6)
  An orc priest (D:8)
  2 hounds (D:7)
  A centaur skeleton (D:7)
  Terence (D:3)
  3 iguanas
  8 worker ants
  3 orc wizards (D:6)
  A killer bee zombie (D:8)
  A hound skeleton (D:3)
  Robin (D:3)
  15 gnolls
  13 adders
  4 shadow imps
  An ooze (D:3)
  4 worms
  6 leopard geckos
  11 orcs
  2 ball pythons
  6 bats
  6 giant cockroaches
  17 goblins
  3 hobgoblins
  17 jackals
  4 kobolds
  3 quokkas
  6 frilled lizards
  A giant cockroach zombie (D:5)
  A leopard gecko skeleton (D:4)
  A quokka skeleton (D:4)
  A quokka zombie (D:6)
  3 rats
  A butterfly (D:7)
174 creatures vanquished.

Notes
Turn   | Place    | Note
-------+----------+-------------------------------------------
     0 | D:1      | Kingsmith the Deep Elf Conjurer began the quest for the Orb.
     0 | D:1      | Reached XP level 1. HP: 10/10 MP: 6/6
   365 | D:1      | Reached XP level 2. HP: 15/15 MP: 1/8
   445 | D:1      | Learned a level 2 spell: Searing Ray
  1032 | D:2      | Reached skill level 5 in Spellcasting
  1032 | D:2      | Reached XP level 3. HP: 18/19 MP: 7/11
  1082 | D:2      | Learned a level 3 spell: Dazzling Spray
  1352 | D:2      | Reached XP level 4. HP: 24/24 MP: 3/13
  1577 | D:2      | Reached skill level 5 in Conjurations
  2071 | D:3      | Learned a level 4 spell: Force Lance
  2204 | D:3      | Noticed Terence
  2208 | D:3      | Killed Terence
  2262 | D:3      | Reached XP level 5. HP: 13/28 MP: 0/14
  2880 | D:3      | Noticed Robin
  2894 | D:3      | Killed Robin
  3202 | D:4      | Noticed an ogre
  3522 | D:4      | Killed an ogre
  3522 | D:4      | Reached XP level 6. HP: 19/32 MP: 8/16
  3853 | D:4      | Found Mur Vusch's Jewellery Boutique.
  3865 | D:4      | Bought an uncursed ring of see invisible for 180 gold pieces
  4618 | D:4      | Found a sparkling altar of Nemelex Xobeh.
  4703 | D:5      | Entered Level 5 of the Dungeon
  4727 | D:4      | Learned a level 3 spell: Confuse
  4764 | D:5      | Reached XP level 7. HP: 36/36 MP: 13/19
  4768 | D:5      | Reached skill level 1 in Hexes
  4888 | D:5      | Got a slimy war axe
  5081 | D:5      | Found Orphaffa's Distillery.
  5083 | D:5      | Found Sixkelo's Armour Shop.
  5086 | D:5      | Found Ostroteos's Distillery.
  5087 | D:5      | Found Tamiu's Jewellery Shop.
  5134 | D:5      | Reached skill level 1 in Fighting
  5821 | D:6      | Noticed Menkaure
  5827 | D:6      | Noticed Kingsmith's ghost (novice DECj)
  5827 | D:6      | Killed Menkaure
  5846 | D:5      | Learned a level 4 spell: Iskenderun's Mystic Blast
  6247 | D:5      | Reached XP level 8. HP: 7/46 MP: 4/20
  6521 | D:6      | Reached skill level 3 in Dodging
  6575 | D:6      | Killed Kingsmith's ghost
  6575 | D:6      | Reached skill level 4 in Dodging
  6833 | D:6      | Reached skill level 5 in Dodging
  7340 | D:6      | HP: 1/48 [orc warrior/mace (18)]
  7440 | D:5      | Reached skill level 5 in Fighting
  7474 | D:5      | Reached skill level 6 in Dodging
  7834 | D:6      | Reached XP level 9. HP: 54/54 MP: 0/21
  8208 | D:7      | Noticed Joseph
  8232 | D:7      | Killed Joseph
  8232 | D:7      | Reached skill level 7 in Dodging
  8419 | D:7      | Found a runed door.
  8426 | D:7      | Noticed a sixfirhy
  8441 | D:7      | Identified the cursed +2 war axe of Qaneyng {chop, rN+ Str+2} (You found it on level 5 of the Dungeon)
  8510 | D:7      | Found Feten's Distillery.
  8682 | D:7      | Found a staircase to the Ecumenical Temple.
  8697 | Temple   | Entered the Ecumenical Temple
  8806 | Temple   | Became a worshipper of Vehumet
  8991 | D:7      | Found a stormy altar of Qazlal.
  9196 | D:7      | Reached skill level 8 in Dodging
  9497 | D:8      | Noticed Pikel
  9509 | D:8      | Killed Pikel
  9857 | D:8      | Noticed a two-headed ogre
  9897 | D:8      | Slain by a two-headed ogre

Skill      XL: |  1  2  3  4  5  6  7  8  9 |
---------------+----------------------------+-----
Spellcasting   | 5 7 |  7.1
Conjurations   | 5 6 |  6.0
Translocations | 2 4 |  4.0
Hexes          | 4 |  4.0
Fighting       | 3 5 7 |  7.8
Dodging        | 6 8 |  8.1
Stealth        | |  2.4

Action                   |  1- 3 |  4- 6 |  7- 9 || total
-------------------------+-------+-------+-------++-------
Melee: Unarmed           |    24 |       |       ||    24
       Dagger            |       |    12 |    23 ||    35
       War axe           |       |       |    13 ||    13
Throw: Stone             |     4 |       |       ||     4
 Cast: Magic Dart        |    62 |   117 |   191 ||   370
       Searing Ray       |       |    15 |    41 ||    56
       Confuse           |       |       |    16 ||    16
       Force Lance       |       |       |     3 ||     3
       Iskenderun's Myst |       |       |     9 ||     9
  Use: Scroll            |       |     9 |    12 ||    21
       Potion            |       |     2 |       ||     2
 Stab: Sleeping          |       |       |     2 ||     2
  Eat: Chunk             |     1 |    10 |    17 ||    28
Armor: Robe              |     8 |     5 |    22 ||    35
Dodge: Dodged            |    30 |    37 |    97 ||   164
Block: Buckler           |       |       |     2 ||     2
